AoeStats
← кислород

Arabia

509357329Analyzed
1v1 RM · 5d ago on Sep 26, 2026· 38m 52s· 2 players
Game mode
Random Map
Map size
Tiny (2 player)
Population
200
Speed
Normal
Resources
Standard
Victory
Conquest
Starting age
Dark Age
Ending age
Imperial Age
RankedLock teamsTeams togetherTeam positionsShared explorationLock speedFull tech treeHidden civsTurbo modeCheats
Victory
Defeat
🇨🇦 Khitans · Canada
2109
+14
🇹🇼 Ethiopians · Taiwan
2063
-14
SSS66618
6:38 Loom
8:56 Feudal Age
9:24 Double-Bit Axe
11:34 Fletching
18:06 Padded Archer Armor
20:56 Castle Age
22:07 Coinage
21:26 Crossbowman
22:05 Bodkin Arrow
23:51 Bow Saw
25:01 Horse Collar
25:16 Town Watch
26:36 Ballistics
30:56 Squires
31:54 Padded Archer Armor
32:39 Arson
35:41 Wheelbarrow
37:19 Gold Mining
37:10 Horse Collar
кислород
4:42 Loom
14:01 Feudal Age
14:46 Double-Bit Axe
14:42 Domestication
16:07 Forging
17:37 Scale Barding Armor
18:26 Town Watch
22:53 Castle Age
22:56 Light Cavalry
23:45 Husbandry
24:34 Iron Casting
24:57 Chain Barding Armor
25:22 Wheelbarrow
26:47 Bow Saw
33:24 Imperial Age
34:52 Plate Barding Armor
34:51 Elite Steppe Lancer
37:09 Guilds
39:00 Ordo Cavalry
Connection lost

Rejoining the realm…

Still unreachable

The connection could not be restored.

Session expired

The server has moved on; the page needs a fresh start.